 Dungeon Crawl Stone Soup version 0.28.0-43-g3370ac3207 (webtiles) character file.

Game seed: 15953873277142428340

8848 pkoi the Grappler (level 11, 0/107 HPs)
             Began as a Troll Monk on Mar 21, 2022.
             Was a High Priest of Cheibriados.
             Slain by an orc warrior
             ... wielding a +0 scimitar
              (18 damage)
             ... on level 9 of the Dungeon.
             The game lasted 00:12:32 (7836 turns).

pkoi the Grappler (Troll Monk)                      Turns: 7836, Time: 00:12:33

Health: 0/107      AC:  9    Str: 33    XL:     11   Next: 15%
Magic:  14/14      EV: 16    Int: 22    God:    Cheibriados [*****.]
Gold:   469        SH:  0    Dex: 30    Spells: 7/10 levels left

rFire   + . .      SeeInvis .     - Unarmed
rCold   . . .      Faith    .   (no shield)
rNeg    . . .      Spirit   .   z - +0 steam dragon scales
rPois   .          Reflect  .   J - +2 hat {Will+}
rElec   .          Harm     .   (no cloak)
rCorr   .          Rampage  .   (gloves unavailable)
Will    +....                   (boots unavailable)
Stlth   +++.......              q - amulet of the acrobat
HPRegen 1.07/turn               j - +6 ring of dexterity
MPRegen 0.14/turn               d - ring of Cuteez {rF+ EV+4}

@: studying 2 skills, very slow
A: large, unfitting armour, claws 3, regeneration 1, shaggy fur 1, tough skin 1
a: Renounce Religion, Bend Time, Temporal Distortion, Slouch, Step From Time


You were on level 9 of the Dungeon.
You worshipped Cheibriados.
Cheibriados was extremely pleased with you.
You visited 2 branches of the dungeon, and saw 10 of its levels.
You also visited: Sewer.

You collected 469 gold pieces.

Inventory:

Hand Weapons
 n - a +1 club of freezing
 u - the +7 whip of the Vulture {vorpal, rCorr MP+9}
   (You found it on level 5 of the Dungeon)

   It inflicts extra damage upon your enemies.
   MP:        It affects your magic capacity (+9).
   rCorr:     It protects you from acid and corrosion.
Missiles
 t - 11 boomerangs
Armour
 z - +0 steam dragon scales (worn)
 J - a +2 hat of willpower (worn)
Jewellery
 d - the ring of Cuteez (right claw) {rF+ EV+4}
   (You found it on level 7 of the Dungeon)

   [ring of evasion]

   EV:        It affects your evasion (+4).
   rF:        It protects you from fire.
 f - a ring of protection from fire
 j - a +6 ring of dexterity (left claw)
 q - an amulet of the acrobat (around neck)
 w - a ring of see invisible
 D - a ring of protection from cold
Wands
 c - a wand of flame (59) (quivered)
 l - a wand of polymorph (8)
 v - a wand of paralysis (4)
 B - a wand of acid (7)
 I - a wand of mindburst (6)
Scrolls
 b - 4 scrolls of enchant armour
 i - 2 scrolls of fear
 r - a scroll of brand weapon
 y - 3 scrolls of enchant weapon
 A - 2 scrolls of blinking
 E - a scroll of identify
 F - a scroll of summoning {unknown}
 H - a scroll of magic mapping
Potions
 g - 4 potions of might
 h - 5 potions of heal wounds {unknown}
 k - 6 potions of lignification
 m - a potion of flight
 o - 2 potions of brilliance
 p - 2 potions of curing
 s - 2 potions of attraction {unknown}
 x - a potion of cancellation {unknown}
 C - a potion of ambrosia {unknown}
Miscellaneous
 G - a condenser vane


   Skills:
 + Level 6.6 Fighting
 - Level 3.0 Armour
 - Level 3.0 Dodging
 - Level 1.0 Stealth
 * Level 12.2 Unarmed Combat
 + Level 5.6 Invocations
 + Level 7.8 Evocations


You had 7 spell levels left.
You knew the following spells:

 Your Spells              Type           Power      Damage    Failure   Level
a - Beastly Appendage     Tmut           0%         N/A       17%         1
b - Wereblood             Tmut           0%         N/A       26%         2

Your spell library contained the following spells:

 Spells                   Type           Power      Damage    Failure   Level
 Ensorcelled Hibernation  Hex/Ice        0%         N/A       26%         2
 Spider Form              Tmut/Pois      0%         N/A       45%         3
 Anguish                  Hex/Necr       0%         N/A       86%         4


Dungeon Overview and Level Annotations

Branches:
Dungeon (9/15)             Temple (1/1) D:5           Sewer (visited)
   Lair: D:8-11         Orc: D:9-12

Altars:
Ashenzari
Cheibriados
Dithmenos
Elyvilon
Fedhas
Gozag
Hepliaklqana
Kikubaaqudgha
Makhleb
Nemelex Xobeh
Okawaru
Qazlal
Ru
Trog
Uskayaw
Vehumet
Xom
Yredelemnul
Zin
The Shining One

Shops:
D:7 (

Annotations:
D:9 2 runed translucent doors, JuniperTheExplorer's ghost, novice PaFi


Innate Abilities, Weirdness & Mutations

You are too large for most types of armour.
You have claws for hands.
Your natural rate of healing is unusually fast.
You are covered in fur. (AC +1)
You have tough skin. (AC +1)


Message History

* * * LOW HITPOINT WARNING * * *
An acid dragon comes into view.
Unknown command.
You scratch the orc warrior.
The orc warrior is moderately wounded.
Unknown command.
You closely miss the orc warrior.
The orc warrior is moderately wounded.
The orc warrior misses you. The yak gores you.
* * * LOW HITPOINT WARNING * * *
Unknown command.
You scratch the orc warrior but do no damage.
The orc warrior is moderately wounded.
The orc warrior misses you. The yak closely misses you.
Unknown command.
You closely miss the orc warrior.
The orc warrior is moderately wounded.
The orc warrior hits you with a +0 scimitar!
* * * LOW HITPOINT WARNING * * *
Unknown command.
You completely miss the orc warrior.
The orc warrior is moderately wounded.
The yak closely misses you.
The orc warrior hits you with a +0 scimitar!
* * * LOW HITPOINT WARNING * * *
Unknown command.
You scratch the orc warrior but do no damage.
The orc warrior is moderately wounded.
The yak closely misses you.
Unknown command.
You scratch the orc warrior but do no damage.
The orc warrior is moderately wounded.
The orc warrior hits you with a +0 scimitar!!
* * * LOW HITPOINT WARNING * * *
The yak barely misses you.
Unknown command.
You closely miss the orc warrior. You claw the orc warrior!
The orc warrior is almost dead.
The orc warrior hits you with a +0 scimitar!!
You die...

### ######.#.##.#.###.#
..###.###..............
...##..........<.......
.#.##.#.#####.#.#######
.#.###.## ##......#
.......# #.####....
##.###.# ###.[## .#
.......# ##o.)[#
#####..## +#DY@).#
#...#####.##.)##
##......#'#####
##....##.## ####.'.†.#
#.##.## #..### ##.. ###


You could see a yak, an orc warrior and an acid dragon.

Vanquished Creatures
  A deep elf pyromancer (D:7)
  A cyclops (D:7)
  2 manticores (D:7)
  A slime creature (D:7)
  Prince Ribbit (D:7)
  The ghost of Icepheonix32 the Covert, an amateur KoDe (D:6)
  A wraith (D:7)
  A shadow (D:7)
  8 yaks (D:8)
  5 steam dragons
  A vampire mosquito (D:7)
  An acid dragon (D:8)
  3 water moccasins
  6 orc warriors
  3 ice beasts
  A black bear (D:6)
  Pargi (Sewer)
  3 ogres
  2 necrophages (D:7)
  9 centaurs
  2 kobold brigands
  3 bullfrogs
  2 scorpions (D:6)
  2 gnoll sergeants
  A killer bee (D:8)
  An oklob sapling (D:5)
  2 wights (D:8)
  6 howler monkeys
  3 centaur zombies
  3 jellies
  A bullfrog zombie (D:5)
  A hound (D:7)
  2 centaur skeletons
  A gnoll shaman (D:7)
  Natasha (thrice) (D:2)
  3 iguanas
  Ijyb (D:3)
  An orc wizard (D:7)
  2 killer bee zombies (D:7)
  A hound zombie (D:5)
  2 howler monkey zombies
  Robin (D:2)
  12 gnolls
  A howler monkey skeleton (D:5)
  11 adders
  A shadow imp (D:8)
  4 white imps
  2 worms
  6 dart slugs
  10 orcs
  12 endoplasms
  8 giant cockroaches
  16 goblins
  15 hobgoblins
  19 jackals
  4 kobolds
  A quokka (D:3)
  8 ball pythons
  8 bats
  6 frilled lizards
  A jackal skeleton (D:4)
  4 rats
245 creatures vanquished.

Vanquished Creatures (others)
  A steam dragon (D:7)
  7 plants
8 creatures vanquished.

Grand Total: 253 creatures vanquished

Notes
Turn   | Place    | Note
-------+----------+-------------------------------------------
     0 | D:1      | pkoi the Troll Monk began the quest for the Orb.
     0 | D:1      | Reached XP level 1. HP: 22/22 MP: 0/0
   155 | D:1      | Reached XP level 2. HP: 29/29 MP: 1/1
   329 | D:1      | Reached skill level 4 in Unarmed Combat
   350 | D:1      | Reached XP level 3. HP: 34/36 MP: 2/2
   704 | D:2      | Noticed Natasha
   715 | D:2      | Killed Natasha
   716 | D:2      | Reached skill level 5 in Unarmed Combat
   716 | D:2      | Reached XP level 4. HP: 44/44 MP: 3/3
   775 | D:2      | Noticed Robin
   812 | D:2      | Killed Robin
   871 | D:2      | Noticed Natasha
   876 | D:2      | Reached XP level 5. HP: 50/50 MP: 4/4
  1063 | D:2      | Killed Natasha
  1064 | D:2      | Reached skill level 6 in Unarmed Combat
  1233 | D:2      | Noticed Natasha
  1241 | D:2      | Killed Natasha
  1762 | D:3      | Identified a scroll of acquirement
  1762 | D:3      | Acquired a manual of Evocations
  1827 | D:3      | Noticed Ijyb
  1855 | D:3      | Killed Ijyb
  1856 | D:3      | Reached XP level 6. HP: 40/59 MP: 5/5
  2305 | D:4      | Reached skill level 7 in Unarmed Combat
  2305 | D:4      | Reached skill level 1 in Evocations
  2451 | D:4      | Found a glowing drain.
  2464 | Sewer    | Entered a sewer
  2553 | Sewer    | Noticed Pargi
  2563 | Sewer    | Killed Pargi
  2879 | D:4      | Reached XP level 7. HP: 67/67 MP: 6/6
  3242 | D:5      | Entered Level 5 of the Dungeon
  3249 | D:5      | Found a staircase to the Ecumenical Temple.
  3277 | Temple   | Entered the Ecumenical Temple
  3400 | Temple   | Became a worshipper of Cheibriados the Contemplative
  3400 | Temple   | Reached * piety under Cheibriados
  3400 | Temple   | Reached ** piety under Cheibriados
  3684 | D:5      | Reached skill level 8 in Unarmed Combat
  3995 | D:5      | Identified the +7 whip of the Vulture {vorpal, rCorr MP+9}
  4413 | D:5      | Reached XP level 8. HP: 78/78 MP: 7/7
  4669 | D:6      | Found a runed translucent door.
  4679 | D:6      | Reached skill level 1 in Invocations
  4762 | D:6      | Noticed Icepheonix32's ghost (amateur KoDe)
  4837 | D:6      | Reached skill level 9 in Unarmed Combat
  4923 | D:6      | Reached skill level 1 in Armour
  5055 | D:6      | Reached XP level 9. HP: 85/85 MP: 9/9
  5077 | D:6      | Found an iron altar of Okawaru.
  5319 | D:6      | Reached *** piety under Cheibriados
  5329 | D:6      | Killed Icepheonix32's ghost
  5330 | D:6      | Reached skill level 5 in Evocations
  5349 | D:7      | Found Cinoth's Weapon Shoppe.
  5387 | D:7      | Learned a level 1 spell: Beastly Appendage
  5390 | D:7      | Learned a level 2 spell: Wereblood
  5428 | D:7      | Noticed a manticore
  5428 | D:7      | Noticed a manticore
  5429 | D:7      | Noticed a deep elf pyromancer
  5429 | D:7      | Noticed a cyclops
  5441 | D:7      | Killed a manticore
  5442 | D:7      | Reached skill level 10 in Unarmed Combat
  5446 | D:7      | Killed a deep elf pyromancer
  5447 | D:7      | Reached skill level 5 in Fighting
  5862 | D:7      | Reached XP level 10. HP: 87/96 MP: 11/11
  5877 | D:7      | Killed a cyclops
  5899 | D:7      | Reached skill level 11 in Unarmed Combat
  5901 | D:7      | Reached **** piety under Cheibriados
  5910 | D:7      | Killed a manticore
  6014 | D:7      | Identified the +8 executioner's axe "Tegoidep" {vamp, rC++
                  | Dex+3}
  6016 | D:7      | Identified the ring of Cuteez {rF+ EV+4}
  6044 | D:7      | Identified the +4 ring mail "Emaf" {Regen+}
  6175 | D:7      | Noticed Prince Ribbit
  6181 | D:7      | Killed Prince Ribbit
  6909 | D:8      | Found the +18 Lear's hauberk
  6969 | D:8      | Reached skill level 5 in Invocations
  7367 | D:8      | Reached ***** piety under Cheibriados
  7368 | D:8      | Reached XP level 11. HP: 107/107 MP: 14/14
  7385 | D:8      | Reached skill level 12 in Unarmed Combat
  7688 | D:9      | Found a large runed translucent door.
  7692 | D:9      | Found a large runed translucent door.
  7700 | D:9      | Noticed JuniperTheExplorer's ghost (novice PaFi)
  7715 | D:9      | Found a shimmering altar of Xom.
  7718 | D:9      | Found a glowing golden altar of the Shining One.
  7718 | D:9      | Found a broken altar of Ashenzari.
  7836 | D:9      | Slain by an orc warrior

Illustrated notes

Levels and vault maps discovered:
D:1:      amcnicky_arrival_gap_in_the_tavern_cellar, layout_basic,
          serial_bayou_pond_c, minmay_tree_intersection
D:2:      layout_rooms, uniq_robin, uniq_natasha
D:3:      kennysheep_goblin_castle, layout_basic
D:4:      layout_basic, cheibrodos_sewer_entry_bend
D:5:      layout_basic, minmay_temple_entry_oklob, kennysheep_generic_room_11
D:6:      layout_cave_pools, nicolae_overflow_crystal_walls,
          ebering_ghost_sewer_d, minmay_diced_spiral
D:7:      layout_basic, nicolae_stop_n_shop_2, minmay_the_grid_2x2
          [minmay_the_grid_medium_cups, minmay_the_grid_x,
          minmay_the_grid_diamond_grid, minmay_the_grid_prize_trominoes],
          uniq_prince_ribbit1
D:8:      minmay_octagon_keep, layout_rooms, blue_anna_alchemist
D:9:      layout_loops_ring, nicolae_wu_jian_wuxing_cycle,
          chequers_temple_overflow_statue_of_worship, amcnicky_altar_gilded,
          ebering_ghost_disaster_area, minmay_joined_circles, uniq_joseph
Temple:   regret_index_temple_sphere_string

Skill      XL: |  1  2  3  4  5  6  7  8  9 10 11 |
---------------+----------------------------------+-----
Unarmed Combat | 4 5 6 7 8 9 10 11 12 | 12.2
Evocations     | 2 3 4 6 7 |  7.8
Fighting       | 3 4 5 6 |  6.6
Invocations    | 2 3 5 |  5.6
Armour         | 1 3 |  3.0
Dodging        | 3 |  3.0
Stealth        | |  1.0

Action                   |  1- 3 |  4- 6 |  7- 9 | 10-12 || total
-------------------------+-------+-------+-------+-------++-------
Melee: Unarmed           |    93 |   196 |   194 |   182 ||   665
       Punch             |     1 |     2 |    11 |    18 ||    32
       Kick              |       |       |     5 |       ||     5
       Headbutt          |       |       |     2 |       ||     2
 Cast: Beastly Appendage |       |       |     1 |       ||     1
Evoke: Wand              |       |       |     1 |     8 ||     9
  Use: Scroll            |       |    14 |     6 |     1 ||    21
 Stab: Sleeping          |     1 |     4 |     3 |     3 ||    11
       Distracted        |       |       |     1 |     1 ||     2
Armor: Robe              |    44 |    91 |    39 |       ||   174
       Steam dragon scal |       |       |    48 |    47 ||    95
Dodge: Dodged            |    61 |   117 |   101 |   162 ||   441
